 Dungeon Crawl Stone Soup version 0.18-a0-1347-gb9e2fb4 (webtiles) character file.

22 Oddball22 the Charmwright (level 2, -1/23 HPs)
             Began as a Demonspawn Skald on Feb 17, 2016.
             Slain by a rat (2 damage)
             ... on level 1 of the Dungeon.
             The game lasted 00:01:44 (827 turns).

Oddball22 the Charmwright (Demonspawn Skald)         Turns: 827, Time: 00:01:44

Health: -1/23      AC:  4    Str: 12    XL:     2   Next: 68%
Magic:  5/5        EV: 11    Int: 13    God:
Gold:   27         SH:  0    Dex: 12    Spells: 1 memorised, 4 levels left

rFire  . . .     SeeInvis .     a - +0 falchion
rCold  . . .     Gourm    .     b - +0 leather armour
rNeg   . . .     Faith    .     (no shield)
rPois  .         Spirit   .     (helmet restricted)
rElec  .         Dismiss  .     (no cloak)
rCorr  .         Reflect  .     h - +0 pair of gloves
SustAt .         Harm     .     (no boots)
MR     .....                    (no amulet)
Stlth  +.........               (no ring)
                                (no ring)

@: not resistant to hostile enchantments, very unstealthy
A: antennae 1
a: no special abilities


You were on level 1 of the Dungeon.
You were not hungry.

You visited 1 branch of the dungeon, and saw 1 of its levels.

You collected 27 gold pieces.

Inventory:

Hand Weapons
 a - a +0 falchion (weapon)
Armour
 b - a +0 leather armour (worn)
 h - a +0 pair of gloves (worn)
Jewellery
 n - an uncursed ring of fire {unknown}
Scrolls
 e - a scroll of identify {unknown}
 j - a scroll of magic mapping {unknown}
 m - 2 scrolls of remove curse {unknown}
Potions
 k - a potion of brilliance {unknown}
 l - 2 potions of mutation {unknown}
Books
 c - a book of Battle

   Spells                             Type                      Level
   a - Infusion                       Charms                       1
   b - Shroud of Golubria             Charms/Translocation         2
   c - Song of Slaying                Charms                       2
   d - Spectral Weapon                Hexes/Charms                 3
   e - Regeneration                   Charms/Necromancy            3
Comestibles
 d - a bread ration
 f - 2 beef jerkies
 g - a meat ration
 i - a chunk of flesh


   Skills:
 * Level 2.5 Fighting
 + Level 1.9 Long Blades
 - Level 0.8 Armour
 + Level 1.4 Dodging
 + Level 2.2 Spellcasting
 - Level 2.6 Charms


You had 4 spell levels left.
You knew the following spells:

 Your Spells              Type           Power        Failure   Level  Hunger
a - Infusion              Chrm           #...         12%         1    ##.....


Dungeon Overview and Level Annotations

Branches:
Dungeon (1/15)

Altars:


Innate Abilities, Weirdness & Mutations

You have a pair of small antennae on your head.


Message History

The goblin hits you but does no damage. The rat barely misses you.
You hit the hobgoblin but do no damage.
The hobgoblin is almost dead.
The hobgoblin hits you with a club.
* * * LOW HITPOINT WARNING * * *
The goblin misses you. The rat closely misses you.
The hobgoblin hits you but does no damage.
You hit the hobgoblin.
You kill the hobgoblin!
The goblin hits you but does no damage. The rat bites you.
* * * LOW HITPOINT WARNING * * *
You barely miss the goblin. The goblin hits you.
* * * LOW HITPOINT WARNING * * *
The rat barely misses you.
You hit the goblin.
The goblin is heavily wounded.
The goblin closely misses you.
The rat twitches its whiskers.
The rat bites you.
You die...

######.......#......#
... #########......#
#..... #.... #......#
#..... #....####......#
#..... ...............#
#.....
...............####.....
...............+........
......).g......####.....
...>..r@...#'##.........
..........!#.##.....####
...........#.##.....####
...........#.##.........
...........#.##.#######.
!..........#.##.#.....#.
############.##.##.#..#.
#.##.##.####. #.##......


You could see a goblin and a rat.

Vanquished Creatures
  A giant gecko (D:1)
  A giant cockroach (D:1)
  4 goblins (D:1)
  5 hobgoblins (D:1)
  A kobold (D:1)
  A bat (D:1)
  6 rats (D:1)
19 creatures vanquished.

Notes
Turn   | Place    | Note
--------------------------------------------------------------
     0 | D:1      | Oddball22 the Demonspawn Skald began the quest for the Orb.
     0 | D:1      | Reached XP level 1. HP: 16/16 MP: 3/3
    26 | D:1      | Reached skill level 1 in Dodging
   370 | D:1      | Gained mutation: You have a pair of small antennae on your head. [demonic ancestry]
   370 | D:1      | Reached XP level 2. HP: 23/23 MP: 5/5
   826 | D:1      | HP: 1/23 [goblin (2)]
   827 | D:1      | Slain by a rat

Vault maps used:
D:1:      minmay_arrival_glassed_features

Action                   || total
-------------------------++-------
Melee: Falchion          ||    71
